 Dungeon Crawl Stone Soup version 0.21.0-3-g78d12a8 (webtiles) character file.

116 magipi the Slasher (level 4, 0/39 HPs)
             Began as a Minotaur Abyssal Knight on Jan 14, 2018.
             Was a Believer of Lugonu.
             Slain by a sky beast (6 damage)
             ... on level 1 of the Dungeon.
             The game lasted 00:05:37 (1540 turns).

magipi the Slasher (Minotaur Abyssal Knight)        Turns: 1540, Time: 00:05:38

Health: 0/39       AC:  3    Str: 17    XL:     4   Next: 69%
Magic:  5/5        EV: 11    Int:  9    God:    Lugonu [**....]
Gold:   102        SH:  0    Dex: 10    Spells: 3/3 levels left

rFire    . . .     SeeInvis .   a - +1 falchion
rCold    . . .     Gourm    .   (no shield)
rNeg     . . .     Faith    .   b - +0 leather armour
rPois    .         Spirit   .   (helmet restricted)
rElec    .         Reflect  .   (no cloak)
rCorr    .         Harm     .   (no gloves)
MR       .....                  (no boots)
Stlth    +.........             (no amulet)
HPRegen  0.13/turn              (no ring)
MPRegen  0.09/turn              (no ring)

@: drained
A: retaliatory headbutt, horns 2
a: Depart the Abyss, Bend Space, Renounce Religion


You were on level 1 of the Dungeon.
You worshipped Lugonu.
Lugonu was pleased with you.
You were not hungry.

You visited 1 branch of the dungeon, and saw 2 of its levels.
You visited the Abyss 1 time.

You collected 102 gold pieces.

Inventory:

Hand Weapons
 a - a +1 falchion (weapon)
Armour
 b - a +0 leather armour (worn)
Jewellery
 f - an uncursed ring of magical power {unknown}
   (You found it on level 1 of the Dungeon)
 h - a +3 ring of dexterity {unknown}
   (You found it on level 1 of the Dungeon)
Scrolls
 g - a scroll of identify {unknown}
 i - a scroll of remove curse {unknown}
Potions
 e - 2 potions of curing {unknown}
Comestibles
 c - 3 rations
 d - a chunk of flesh


   Skills:
 - Level 3.6(3.5) Fighting
 + Level 4.5 Long Blades
 - Level 2.4(2.3) Armour
 - Level 1.1(1.0) Dodging
 + Level 3.6 Invocations


You had 3 spell levels left.
You didn't know any spells.

Dungeon Overview and Level Annotations

Branches:
Dungeon (2/15)

Altars:


Innate Abilities, Weirdness & Mutations

You reflexively headbutt those who attack you in melee.
You have a pair of horns on your head.


Message History

You see here a spear.
A frilled lizard comes into view.
The frilled lizard hisses angrily.
You barely miss the frilled lizard. The frilled lizard closely misses you.
You closely miss the frilled lizard.
Your headbutt misses the frilled lizard.
The frilled lizard bites you but does no damage.
You barely miss the frilled lizard. The frilled lizard closely misses you.
You furiously retaliate!
You headbutt the frilled lizard!
You kill the frilled lizard!
Lugonu accepts your kill.
Things that are here:
a dagger; a goblin skeleton
Found a stone staircase leading down.
Found an escape hatch in the ceiling.
Found 13 gold pieces.
Found a naga barding.
A giant cockroach comes into view.
A bat comes into view.
You hit the giant cockroach.
You kill the giant cockroach!
Lugonu accepts your kill.
You barely miss the bat. The bat closely misses you. x2
You furiously retaliate!
You headbutt the bat!
You kill the bat!
Lugonu accepts your kill.
Unknown command.
You see here a bat corpse.
You butcher the bat corpse.
d - 2 chunks of flesh (gained 1)
Found 4 gold pieces.
You now have 102 gold pieces (gained 13).
There is an escape hatch in the ceiling here.
A mysterious force pulls you upwards. The hatch slams shut behind you.
You see here a short sword.
You see here 2 stones.
Things that are here:
a club x2
You see here a short sword.
Some of the chunks of flesh in your inventory have rotted away.
You see here a short sword.
There is a stone staircase leading down here.
You climb downwards.
A sky beast comes into view.
There is a stone staircase leading up here.
You closely miss the sky beast. The sky beast barely misses you.
You furiously retaliate!
You headbutt the sky beast. You barely miss the sky beast.
The sky beast is lightly wounded.
The sky beast barely misses you.
You riposte.
You hit the sky beast. Your headbutt misses the sky beast.
The sky beast is moderately wounded.
You completely miss the sky beast.
The sky beast is moderately wounded.
The sky beast barely misses you.
You barely miss the sky beast.
The sky beast is moderately wounded.
The sky beast flickers out of sight!
Deactivating autopickup; reactivate with Ctrl-A.
Something hits you. Something shocks you.
You barely miss something. You headbutt something!
Something hits you but does no damage.
There is a stone staircase leading up here.
Something hits you. Something shocks you.
You climb upwards.
There is a stone staircase leading down here.
Something hits you. Something shocks you.
A sky beast appears from thin air!
Reactivating autopickup.
You closely miss the sky beast.
The sky beast is heavily wounded.
The sky beast hits you. The sky beast shocks you.
The sky beast flickers out of sight!
Deactivating autopickup; reactivate with Ctrl-A.
Unknown command.
A sky beast appears from thin air!
Reactivating autopickup.
You hit the sky beast.
The sky beast is heavily wounded.
The sky beast closely misses you.
You riposte.
You closely miss the sky beast.
The sky beast is heavily wounded.
You hit the sky beast. Your headbutt misses the sky beast.
The sky beast is severely wounded.
The sky beast hits you. The sky beast shocks you.
* * * LOW HITPOINT WARNING * * *
The sky beast flickers out of sight!
Deactivating autopickup; reactivate with Ctrl-A.
You closely miss something. Your headbutt misses something.
A sky beast appears from thin air!
Reactivating autopickup.
The sky beast hits you but does no damage.
Unknown command.
You hit the sky beast.
The sky beast is severely wounded.
The sky beast flickers out of sight!
Deactivating autopickup; reactivate with Ctrl-A.
Something hits you.
* * * LOW HITPOINT WARNING * * *
Something shocks you.
You die...

#..).....###.....#####..# #..
#########...............# #..
##############..# ###.. #..#
#.... #.)# #.###
#######..#####.#
#............#.#
#{#####..###.#.# #@# #(.# #.#.##
#.# #..###....## #############
#.......#..# ##...##......#
#.##.##.≈..# ######..#...))##..#
#....###.#.#
#....#..####.#..#.######.###.#..
#.<..'..#..'.#.....# ##...####
#....#.....#.#.(#..#######.##
######..####.#..#......()).#


There were no monsters in sight!

Vanquished Creatures
  Jessica (D:2)
  An iguana (D:1)
  A worm (D:2)
  4 dart slugs
  3 leopard geckos (D:1)
  9 bats
  2 giant cockroaches
  4 goblins
  4 hobgoblins
  3 jackals (D:1)
  5 frilled lizards
  8 kobolds
  6 rats (D:1)
51 creatures vanquished.

Notes
Turn   | Place    | Note
-------+----------+-------------------------------------------
     0 | Abyss:1  | magipi the Minotaur Abyssal Knight began the quest for the Orb.
     0 | Abyss:1  | Reached XP level 1. HP: 19/19 MP: 1/1
    34 | Abyss:1  | Noticed a starcursed mass
    34 | Abyss:1  | Noticed a starcursed mass
    35 | Abyss:1  | Found a corrupted altar of Lugonu.
    36 | Abyss:1  | Noticed a tentacled starspawn
    36 | D:1      | Escaped the Abyss
   182 | D:1      | Reached * piety under Lugonu
   243 | D:1      | Reached skill level 3 in Long Blades
   243 | D:1      | Reached XP level 2. HP: 26/26 MP: 2/2
   522 | D:1      | Reached XP level 3. HP: 26/31 MP: 2/4
   928 | D:2      | Noticed Jessica
  1017 | D:1      | Reached ** piety under Lugonu
  1017 | D:1      | Reached skill level 4 in Long Blades
  1017 | D:1      | Reached XP level 4. HP: 16/39 MP: 5/5
  1238 | D:2      | Killed Jessica
  1487 | D:2      | Noticed a sky beast
  1540 | D:1      | Slain by a sky beast

Skill      XL: |  1  2  3 |
---------------+----------+-----
Invocations    | 2 3 |  3.6
Long Blades    | 3 4 |  4.5
Fighting       | |  3.6
Armour         | |  2.4
Dodging        | |  1.1

Action                   |  1- 3 |  4- 6 || total
-------------------------+-------+-------++-------
Melee: Falchion          |    73 |    34 ||   107
       Headbutt          |    17 |     2 ||    19
Invok: Depart the Abyss  |     1 |       ||     1
  Eat: Chunk             |       |     2 ||     2
Armor: Leather armour    |    25 |     4 ||    29
Dodge: Dodged            |    51 |    15 ||    66
       Rpst.: Falchion   |    13 |     4 ||    17

Action                   |  1- 3 |  4- 6 || total
-------------------------+-------+-------++-------
Melee: Falchion          |    73 |    34 ||   107
       Headbutt          |    17 |     2 ||    19
Invok: Depart the Abyss  |     1 |       ||     1
  Eat: Chunk             |       |     2 ||     2
Armor: Leather armour    |    25 |     4 ||    29
Dodge: Dodged            |    51 |    15 ||    66
       Rpst.: Falchion   |    13 |     4 ||    17
